 Dungeon Crawl Stone Soup version 0.19-a0-747-g9c36c40 (webtiles) character file.

1891 Etesian the Poker (level 8, -5/70 HPs)
             Began as a Centaur Fighter on June 24, 2016.
             Slain by a hornet (16 damage)
             ... on level 5 of the Dungeon.
             The game lasted 00:14:37 (9844 turns).

Etesian the Poker (Centaur Fighter)                 Turns: 9844, Time: 00:15:07

Health: -5/70      AC:  8    Str: 25    XL:     8   Next: 93%
Magic:  8/8        EV:  6    Int:  7    God:
Gold:   287        SH: 10    Dex: 11    Spells: 0 memorised, 7 levels left

rFire  . . .     SeeInvis .     a - +0 trident
rCold  . . .     Gourm    .     b - +0 scale mail
rNeg   . . .     Faith    +     c - +0 shield
rPois  .         Spirit   .     q - +0 helmet
rElec  .         Dismiss  .     (no cloak)
rCorr  .         Reflect  .     (no gloves)
SustAt .         Harm     .     (no barding)
MR     .....                    t - amulet of faith
Stlth  ..........               u - +2 ring of strength
                                e - +4 ring of strength

@: lethally poisoned (-5 -> -11), very quick, not resistant to hostile
enchantments, extremely unstealthy
A: hooves 3, deformed body, speed 2, tough skin 3
a: no special abilities


You were on level 5 of the Dungeon.
You were very hungry.

You visited 2 branches of the dungeon, and saw 7 of its levels.
You also visited: Sewer.

You collected 287 gold pieces.

Inventory:

Hand Weapons
 a - a +0 trident (weapon)
Armour
 b - a +0 scale mail (worn)
 c - a +0 shield (worn)
 q - a +0 helmet (worn)
Jewellery
 e - a +4 ring of strength (left hand)
 i - an uncursed ring of fire
 t - an amulet of faith (around neck)
 u - a +2 ring of strength (right hand)
Wands
 j - a wand of confusion (29/48)
Scrolls
 m - 3 scrolls of teleportation
 v - a scroll of blinking
Potions
 d - 3 potions of might
 g - a potion of ambrosia
 k - 2 potions of magic
 l - a potion of brilliance
 o - 3 potions of curing
 r - 2 potions of flight
 x - a potion of lignification
 z - 2 potions of heal wounds
Comestibles
 f - 3 bread rations
 n - a meat ration
 p - a beef jerky
 s - 3 fruits


   Skills:
 + Level 5.8 Fighting
 * Level 7.0 Polearms
 + Level 4.5 Armour
 + Level 4.4 Shields


You had 7 spell levels left.
You didn't know any spells.

Dungeon Overview and Level Annotations

Branches:
Dungeon (6/15)             Temple (1/1) D:4

Altars:
Ashenzari
Cheibriados
Dithmenos
Elyvilon
Nemelex Xobeh
Pakellas
Sif Muna
Trog
Xom
Zin
The Shining One

Annotations:
D:6 KuKumber's ghost, novice HaFi


Innate Abilities, Weirdness & Mutations

You have hooves in place of feet.
Armour fits poorly on your strangely shaped body.
You cover ground very quickly.
You have extremely tough skin. (AC +3)


Message History

You climb upwards.
The ghost fades into the shadows.
KuKumber's ghost disappears!
KuKumber's ghost reappears nearby!
There is a stone staircase leading down here.
Unknown command.
You start resting.
A hornet comes up the stairs.
You regained 8 hp, and now have 27/70 hp.
The hornet buzzes angrily.
You hit the hornet.
The hornet is lightly wounded.
You hit the hornet. Your kick misses the hornet.
The hornet is lightly wounded.
You block the hornet's attack.
You miss the hornet.
The hornet is lightly wounded.
The hornet stings you!
* * * LOW HITPOINT WARNING * * *
You are poisoned.
The hornet stings you!
You die...

########### #....# ..........#
#....# ..........# ##....#
..........# #..#.## ..........#
####.##.# # ..........###
##....##.# #
............#####..###...########
................y.## #.###....(..
...........#...#@#####.##......(.
######..######.#..##...#....(((<(
........# #..#....###.........
.....#..# ##.###..............
........#######......>.#.........
.....#......#....................
.....#.##.#.....##..####.........
#####..##.###..........###.......
#........#.#.#..##..#.......##


You could see a hornet.

Vanquished Creatures
  Sigmund (D:2)
  3 phantoms
  2 ogres
  A centaur (D:4)
  A big kobold (Sewer)
  A giant frog (D:1)
  Blork the orc (D:6)
  2 scorpions
  2 howler monkeys
  A giant frog zombie (D:5)
  2 jellies (D:5)
  3 orc wizards (D:4)
  2 orc priests
  2 hounds
  An iron imp (D:6)
  2 iguanas (D:5)
  Natasha (thrice) (D:1)
  3 worker ants
  A worker ant zombie (D:5)
  7 adders
  4 gnolls
  4 river rats
  3 oozes
  An adder zombie (D:6)
  An adder skeleton (D:5)
  4 worms
  6 dart slugs
  2 giant geckos
  15 orcs
  9 giant cockroaches
  9 goblins
  8 hobgoblins
  3 jackals
  10 kobolds
  2 quokkas
  3 ball pythons
  8 bats
  7 giant newts
  A quokka skeleton (D:4)
  11 rats
152 creatures vanquished.

Notes
Turn   | Place    | Note
--------------------------------------------------------------
     0 | D:1      | Etesian the Centaur Fighter began the quest for the Orb.
     0 | D:1      | Reached XP level 1. HP: 19/19 MP: 1/1
    90 | D:1      | Reached XP level 2. HP: 8/26 MP: 2/2
   364 | D:1      | Reached skill level 2 in Polearms
   888 | D:1      | Noticed a giant frog
   895 | D:1      | Killed a giant frog
   895 | D:1      | Reached XP level 3. HP: 12/31 MP: 3/3
   895 | D:1      | Reached XP level 4. HP: 15/38 MP: 4/4
  1152 | D:2      | Noticed Sigmund
  1259 | D:1      | Reached skill level 3 in Polearms
  1387 | D:2      | Killed Sigmund
  1387 | D:2      | Reached XP level 5. HP: 28/46 MP: 5/5
  1514 | D:2      | Reached XP level 6. HP: 52/52 MP: 6/6
  1567 | D:2      | Noticed Natasha
  1595 | D:1      | Killed Natasha
  2870 | D:1      | Noticed Natasha
  2878 | D:1      | Killed Natasha
  2878 | D:1      | Reached skill level 4 in Polearms
  3681 | D:1      | Noticed Natasha
  3686 | D:1      | Killed Natasha
  3739 | D:2      | Found a shattered altar of Ashenzari.
  5253 | D:4      | Reached XP level 7. HP: 54/60 MP: 7/7
  5277 | D:4      | Found a staircase to the Ecumenical Temple.
  5279 | D:4      | Found a sparkling altar of Nemelex Xobeh.
  5307 | Temple   | Entered the Ecumenical Temple
  5779 | D:4      | Reached skill level 5 in Polearms
  6504 | D:5      | Entered Level 5 of the Dungeon
  7486 | D:4      | Reached XP level 8. HP: 67/67 MP: 8/8
  7619 | D:5      | Reached skill level 5 in Fighting
  7701 | D:5      | Reached skill level 6 in Polearms
  8641 | D:6      | Found a snail-covered altar of Cheibriados.
  8787 | D:6      | Found a bloodstained altar of Trog.
  8940 | D:6      | Found a glowing drain.
  8999 | Sewer    | Entered a sewer
  9329 | Sewer    | Found a white marble altar of Elyvilon.
  9436 | D:6      | Noticed Blork the orc
  9452 | D:6      | Killed Blork the orc
  9452 | D:6      | Reached skill level 7 in Polearms
  9489 | D:6      | Noticed KuKumber's ghost (novice HaFi)
  9842 | D:5      | Noticed a hornet
  9844 | D:5      | Slain by a hornet

Vault maps used:
D:1:      minmay_arrival_pointy, serial_glass, glass_columns_b, glass_columns_a,
          minivault_4
D:2:      ashenzari_altar_1, uniq_natasha, uniq_sigmund
D:3:      first_bread, lightli_corner_chamber
D:4:      overflow_temple_1_default
D:6:      slow_altar_1, basic_altar, portal_sewer_entry_b, minivault_14,
          uniq_blork_the_orc
Temple:   compressed_dpeg_triangle_lava_temple
Sewer:    sewer_kobolds

Skill      XL: |  1  2  3  4  5  6  7  8 |
---------------+-------------------------+-----
Polearms       | 2 3 4 5 7 |  7.0
Armour         | 3 4 |  4.5
Fighting       | 4 5 |  5.8
Shields        | 3 4 |  4.4

Action                   |  1- 3 |  4- 6 |  7- 9 || total
-------------------------+-------+-------+-------++-------
Melee: Trident           |    53 |   208 |   453 ||   714
       Kick              |     8 |    52 |   106 ||   166
Evoke: Wand              |       |       |     1 ||     1
  Use: Scroll            |     1 |     7 |     8 ||    16
       Potion            |       |       |     1 ||     1
  Eat: Chunk             |       |     6 |    12 ||    18
       Meat ration       |       |     1 |       ||     1
Armor: Scale mail        |    20 |    75 |   126 ||   221
Dodge: Dodged            |     4 |    31 |    84 ||   119
Block: Shield            |    17 |    80 |   180 ||   277
